 Dungeon Crawl Stone Soup version 0.30-a0-311-gf115ab0292 (webtiles) character file.

Game seed: 5952305804881721983

1212 koil the Covert (level 8, -11/42 HPs)
             Began as a Spriggan Brigand on Oct 25, 2022.
             Was an Initiate of Wu Jian.
             Mangled by a gnoll sergeant
             ... wielding a +0 spear
              (12 damage)
             ... on level 6 of the Dungeon.
             The game lasted 00:12:47 (5691 turns).

koil the Covert (Spriggan Brigand)                  Turns: 5691, Time: 00:12:48

Health: -11/42     AC:  3    Str:  7    XL:     8   Next: 22%
Magic:  25/25      EV: 20    Int: 15    God:    Wu Jian [......]
Gold:   202        SH:  0    Dex: 16    Spells: 17/17 levels left

rFire   . . .      SeeInvis +    p - +2 dagger (speed)
rCold   . . .      Faith    .    (no shield)
rNeg    . . .      Spirit   .    b - +0 robe
rPois   .          Reflect  .    (helmet restricted)
rElec   .          Harm     .    w - +0 cloak
rCorr   .          Rampage  .    (gloves unavailable)
Will    +....                    (boots unavailable)
Stlth   ++++......               h - amulet of magic regeneration
HPRegen 0.27/turn                g - ring of magical power
MPRegen 0.59/turn                j - +4 ring of slaying

@: very quick
A: very small, no large weapons, unfitting armour, see invisible, speed 3
a: Renounce Religion


You were on level 6 of the Dungeon.
You worshipped Wu Jian.
Wu Jian was noncommittal.
You visited 2 branches of the dungeon, and saw 7 of its levels.

You collected 202 gold pieces.

Inventory:

Hand Weapons
 a - a +2 dagger
 c - a +1 dagger of venom
 i - a +1 short sword of flaming
 p - a +2 dagger of speed (weapon)
 D - a +2 long sword of freezing
 E - a +1 whip of electrocution
Missiles
 d - 7 poisoned darts (quivered)
 e - 5 curare-tipped darts
 t - a throwing net
 B - 6 atropa-tipped darts
Armour
 b - a +0 robe (worn)
 w - a +0 cloak (worn)
Magical Staves
 G - a staff of earth
Jewellery
 g - a ring of magical power (left hand)
 h - an amulet of magic regeneration (around neck)
 j - a +4 ring of slaying (right hand)
 q - a ring of magical power
 y - a ring of willpower
Wands
 v - a wand of digging (13)
Scrolls
 f - 6 scrolls of identify {unknown}
 k - 2 scrolls of enchant weapon {unknown}
 l - 3 scrolls of butterflies {unknown}
 n - 3 scrolls of teleportation {unknown}
 r - 3 scrolls of fear {unknown}
 C - a scroll of torment {unknown}
 F - a scroll of blinking {unknown}
Potions
 m - a potion of magic
 o - a potion of cancellation {unknown}
 s - a potion of berserk rage {unknown}
 u - 2 potions of attraction {unknown}
 x - a potion of resistance {unknown}
 z - a potion of heal wounds {unknown}
 A - a potion of degeneration {unknown}
 H - a potion of lignification {unknown}


   Skills:
 + Level 3.9 Fighting
 + Level 5.1 Short Blades
 - Level 2.0 Throwing
 + Level 5.8 Dodging
 + Level 9.0 Stealth
 + Level 5.0 Spellcasting


You had 17 spell levels left.
You didn't know any spells.
Your spell library contained the following spells:

 Spells                   Type           Power      Damage    Failure   Level
 Cigotuvi's Dreadful Rot  Necr/Pois/Air  6%         N/A       24%         2
 Poisonous Vapours        Pois/Air       6%         N/A       24%         2
 Mephitic Cloud           Conj/Pois/Air  3%         N/A       43%         3


Dungeon Overview and Level Annotations

Branches:
Dungeon (6/15)             Temple (1/1) D:5

Altars:
Cheibriados
Elyvilon
Fedhas
Gozag
Hepliaklqana
Okawaru
Ru
Sif Muna
Trog
Uskayaw
Wu Jian
Xom
The Shining One

Shops:
D:3 (   D:4 :

Annotations:
D:6 Eustachio


Innate Abilities, Weirdness & Mutations

You are very small and have problems with some larger weapons.
You are too small for most types of armour.
You have supernaturally acute eyesight. (SInv)
You cover ground extremely quickly. (Speed+++)


Message History

You hit the gnoll sergeant.
The gnoll sergeant is severely wounded.
The gnoll sergeant barely misses you.
You completely miss the gnoll sergeant.
The gnoll sergeant is severely wounded.
The gnoll sergeant blocks your attack.
The gnoll sergeant is severely wounded.
The gnoll sergeant closely misses you. The gnoll sergeant blocks your attack.
The gnoll sergeant is severely wounded.
You hit the gnoll sergeant but do no damage.
The gnoll sergeant is severely wounded.
The gnoll sergeant hits you with a +0 spear.
* * * LOW HITPOINT WARNING * * *
The gnoll sergeant blocks your attack.
The gnoll sergeant is severely wounded.
You hit the gnoll sergeant.
The gnoll sergeant is almost dead.
The gnoll sergeant hits you with a +0 spear.
* * * LOW HITPOINT WARNING * * *
The gnoll sergeant blocks your attack.
The gnoll sergeant is almost dead.
You hit the gnoll sergeant but do no damage.
The gnoll sergeant is almost dead.
The gnoll sergeant completely misses you.
You hit the gnoll sergeant but do no damage.
The gnoll sergeant is almost dead.
The gnoll sergeant blocks your attack.
The gnoll sergeant is almost dead.
The gnoll sergeant hits you with a +0 spear.
* * * LOW HITPOINT WARNING * * *
You hit the gnoll sergeant but do no damage.
The gnoll sergeant is severely wounded.
The gnoll sergeant blocks your attack.
The gnoll sergeant is severely wounded.
The gnoll sergeant hits you with a +0 spear.
* * * LOW HITPOINT WARNING * * *
It was a potion of magic.
Magic courses through your body.
The gnoll sergeant hits you with a +0 spear!
You die...

####......#
##..((r.####..##
$.........#
##..####...#.(##
..........####..##
##..(.##
...........#...## #....##
...............# #.....#
.......)<.....## ##.....#
#.......)......###
#...####
#.>.............)####..##
#.........#####.@).#....#
#.......### ##g...##..#
##......# ##..####.#
#......#### ###..# ###
##........####....#
#.........†......##
#........#########
#...##...## ..## #..##


You could see a gnoll sergeant.

Vanquished Creatures
  A black bear (D:5)
  An ogre (D:5)
  A phantom (D:5)
  A kobold brigand (D:5)
  A bullfrog (D:6)
  3 necrophages
  3 scorpions
  A gnoll bouda (D:5)
  An orc priest (D:5)
  A hound (Temple)
  2 orc wizards (D:3)
  16 gnolls
  7 adders
  A shadow imp (D:5)
  A white imp (D:6)
  4 worms
  A dart slug (D:4)
  6 orcs
  12 endoplasms
  4 giant cockroaches
  4 goblins
  9 hobgoblins
  4 jackals (D:5)
  5 quokkas
  5 ball pythons
  8 bats
  A frilled lizard (D:2)
  10 kobolds
  5 rats
119 creatures vanquished.

Notes
Turn   | Place    | Note
-------+----------+-------------------------------------------
     0 | D:1      | koil the Spriggan Brigand began the quest for the Orb.
     0 | D:1      | Reached XP level 1. HP: 10/10 MP: 2/2
   137 | D:1      | Found a faded altar of an unknown god.
   158 | D:1      | Reached skill level 6 in Stealth
   202 | D:1      | Reached XP level 2. HP: 14/15 MP: 4/4
   498 | D:1      | Reached skill level 1 in Spellcasting
   841 | D:2      | Reached XP level 3. HP: 18/18 MP: 5/5
  1040 | D:2      | Noticed a scorpion
  1071 | D:2      | Killed a scorpion
  1072 | D:2      | Reached XP level 4. HP: 23/23 MP: 8/8
  1320 | D:2      | Reached XP level 5. HP: 24/27 MP: 9/9
  1811 | D:3      | Reached skill level 7 in Stealth
  1885 | D:3      | Found Tyfedam's Weapon Shop.
  2834 | D:4      | Reached XP level 6. HP: 32/32 MP: 11/11
  3241 | D:4      | Found Egadghez's Book Shoppe.
  3452 | D:5      | Entered Level 5 of the Dungeon
  3687 | D:5      | Reached XP level 7. HP: 12/36 MP: 13/13
  3842 | D:5      | Found a staircase to the Ecumenical Temple.
  3847 | D:5      | Reached skill level 8 in Stealth
  3852 | Temple   | Entered the Ecumenical Temple
  4318 | Temple   | Became a worshipper of the Wu Jian Council
  4608 | D:5      | Reached skill level 5 in Dodging
  5129 | D:6      | Noticed Eustachio
  5231 | D:5      | Reached skill level 5 in Short Blades
  5231 | D:5      | Reached XP level 8. HP: 42/42 MP: 16/16
  5410 | D:6      | Reached skill level 9 in Stealth
  5410 | D:6      | Reached skill level 5 in Spellcasting
  5690 | D:6      | HP: 1/42 [gnoll sergeant/+0 spear (3)]
  5691 | D:6      | Mangled by a gnoll sergeant

Illustrated notes

Levels and vault maps discovered:
D:1:      shiori_arrival_elements, layout_basic,
          hellmonk_ecumenical_altar_blasted
D:2:      minmay_spotlight, layout_loops_ring
D:3:      layout_basic, serial_shops, nicolae_shop_bloodbath_and_beyond
D:4:      layout_loops_corners, serial_shops, kennysheep_mini_moat,
          minmay_crystal_room
D:5:      layout_gridville, temple_hall
D:6:      layout_layer_cave, gammafunk_temple_overflow_claw, kennysheep_potato,
          uniq_eustachio
Temple:   compressed_dpeg_triangle_lava_temple

Skill      XL: |  1  2  3  4  5  6  7  8 |
---------------+-------------------------+-----
Stealth        | 6 7 8 9 |  9.0
Spellcasting   | 1 2 3 4 5 |  5.0
Dodging        | 2 3 4 5 |  5.8
Fighting       | 2 3 |  3.9
Short Blades   | 3 4 5 |  5.1
Throwing       | |  2.0

Action                   |  1- 3 |  4- 6 |  7- 9 || total
-------------------------+-------+-------+-------++-------
Melee: Dagger            |    53 |   199 |   196 ||   448
       Punch             |       |     5 |     2 ||     7
Throw: Dart              |     6 |       |    13 ||    19
Invok: Lunge             |       |       |    16 ||    16
  Use: Potion            |       |       |     4 ||     4
 Stab: Sleeping          |    13 |    10 |     7 ||    30
       Distracted        |       |       |     3 ||     3
Armor: Robe              |     3 |    10 |    25 ||    38
Dodge: Dodged            |    20 |    96 |   156 ||   272

Table legend: (Time is in decaauts)
 A = Elapsed time spent in this place.
 B = Non-inter-level travel time spent in this place.
 C = Inter-level travel time spent in this place.
 D = Time resting spent in this place.
 E = Time spent auto-exploring this place.
 F = Levels seen in this place.
 G = Mean time per level.
                   A        B        C        D        E       F      G
               +--------+--------+--------+--------+--------+-----+--------+
         Total |   3911 |   3835 |     76 |    353 |   2698 |   7 |  558.7 |
       Dungeon |   3553 |   3484 |     69 |    353 |   2385 |   6 |  592.2 |
        Temple |    357 |    350 |      7 |      0 |    313 |   1 |  357.0 |
               +--------+--------+--------+--------+--------+-----+--------+

Top non-repeatable levels by time:
     D:5: 888 daAuts
     D:4: 775 daAuts
     D:3: 556 daAuts
     D:1: 535 daAuts
     D:2: 498 daAuts
  Temple: 357 daAuts
     D:6: 299 daAuts
